AoeStats
← fbilla94

Arabian Desert

510196365Analyzed
1v1 RM · 2d ago on Sep 29, 2026· 17m 29s· 2 players
Game mode
Random Map
Map size
Tiny (2 player)
Population
200
Speed
Normal
Resources
Standard
Victory
Conquest
Starting age
Dark Age
Ending age
Imperial Age
RankedLock teamsTeams togetherTeam positionsShared explorationLock speedFull tech treeHidden civsTurbo modeCheats
Victory
Defeat
🇨🇱 Aztecs · Chile
833
+16
🇺🇸 Franks · United States
823
-26
Santar
7:52 Loom
10:57 Feudal Age
fbilla94
3:09 Loom
10:38 Feudal Age
12:19 Wheelbarrow
11:29 Town Watch
16:55 Forging
16:45 Scale Mail Armor
Connection lost

Rejoining the realm…

Still unreachable

The connection could not be restored.

Session expired

The server has moved on; the page needs a fresh start.